 Dungeon Crawl Stone Soup version 0.27-a0-1245-g940ed4fa31 (webtiles) character file.

Game seed: 17656906188997994397

184 Azzok the Chopper (level 5, 42/61 HPs)
             Began as a Demonspawn Berserker on June 9, 2021.
             Was a Believer of Trog.
             Quit the game on level 3 of the Dungeon.
             The game lasted 00:02:47 (2402 turns).

Azzok the Chopper (Demonspawn Berserker)            Turns: 2402, Time: 00:02:47

Health: 42/61      AC: 11    Str: 18    XL:     5   Next: 36%
Magic:  5/5        EV: 11    Int:  9    God:    Trog [**....]
Gold:   94         SH:  0    Dex: 12    Spells: 4/4 levels left

rFire    . . .     SeeInvis .   j - +0 hand axe (elec)
rCold    . . .     Faith    .   (no shield)
rNeg     . . .     Spirit   +   a - +0 ring mail
rPois    .         Reflect  .   (no helmet)
rElec    .         Harm     .   h - +0 cloak
rCorr    +         Rampage  .   (no gloves)
Will     .....                  c - +2 pair of boots {Fly}
Stlth    ..........             (no amulet)
HPRegen  0.20/turn              i - ring of resist corrosion
MPRegen  0.18/turn              (no ring)

@: berserking, flying, very quick
A: thin metallic scales 1, magic shield, magic regeneration
a: Renounce Religion, Berserk, Trog's Hand


You were on level 3 of the Dungeon.
You worshipped Trog.
Trog was pleased with you.
You visited 1 branch of the dungeon, and saw 3 of its levels.

You collected 94 gold pieces.

Inventory:

Hand Weapons
 b - a +0 dagger of draining
 j - a +0 hand axe of electrocution (weapon)
Armour
 a - a +0 ring mail (worn)
 c - a +2 pair of boots of flying (worn)
 h - a +0 cloak (worn)
Jewellery
 i - a ring of resist corrosion (left hand)
Scrolls
 d - a scroll of holy word {unknown}
 g - a scroll of torment {unknown}
 k - a scroll of enchant armour {unknown}
Potions
 e - a potion of mutation {unknown}
 f - a potion of brilliance {unknown}


   Skills:
 - Level 3.0 Fighting
 + Level 5.6 Axes
 - Level 1.7 Armour
 - Level 1.7 Dodging


You had 4 spell levels left.
You didn't know any spells.
Your spell library was empty.

Dungeon Overview and Level Annotations

Branches:
Dungeon (3/15)

Altars:


Innate Abilities, Weirdness & Mutations

You are partially covered in thin metallic scales. (AC +2)
When hurt, damage is shared between your health and your magic reserves.
You regenerate magic rapidly.


Message History

The orc priest calls down the wrath of Beogh upon you.
Beogh smites you! The orc wizard barely misses you.
A red film seems to cover your vision as you go berserk!
You feel yourself moving faster!
You feel mighty! The orc completely misses you.
The orc wizard hits you but does no damage.
You slash the orc!
You kill the orc!
Trog accepts your kill.
You barely miss the kobold. You closely miss the orc wizard.
The kobold hits you but does no damage.
The orc wizard hits you but does no damage.
You barely miss the orc wizard. You closely miss the kobold.
The kobold hits you but does no damage.
You closely miss the orc wizard. You slash the orc priest!
Lightning courses through the orc priest!
You kill the orc priest!
Trog accepts your kill.
You barely miss the kobold.
The orc wizard hits you but does no damage.
You have reached level 5!
Your demonic ancestry asserts itself...
You feel your magical essence form a protective shroud around your flesh.
You slash the orc wizard!
The orc wizard is almost dead.
You barely miss the kobold.
The kobold splashes around in the water.
The orc wizard barely misses you.
You barely miss the orc wizard.
The orc wizard is almost dead.
You hit the kobold. Lightning courses through the kobold!
You kill the kobold!
Trog accepts your kill.
You hear a splash. x2
The orc wizard hits you but does no damage.
You slash the orc wizard!
You kill the orc wizard!
Trog accepts your kill.
Trog appreciates your killing of a magic user.
Are you sure you want to abandon this character and quit the game? (Confirm with "yes".)

▒··▒
≈≈≈≈·≈≈≈≈≈[·▒
···▒
≈≈≈≈·≈≈≈≈≈··▒▒▒
▒▒·▒
≈≈≈≈·≈≈≈≈≈····▒
▒·▒
≈≈≈≈·······▒▒·▒
▒·▒
······≈≈≈≈·▒▒·▒
▒·▒
≈≈≈≈≈·≈≈≈≈·▒▒·▒
▒·▒
≈≈·≈≈≈≈····▒
▒▒·▒
≈≈·≈≈≈≈··▒▒▒
···▒ ≈≈·≈≈≈)@·▒
▒▒▒▒ ······))·▒
▒▒▒▒▒·▒▒·▒ ···
··· ▒▒▒ ▒·▒▒
▒·▒ ▒·▒ ·▒


There were no monsters in sight!

Vanquished Creatures
  A hound (D:3)
  An orc priest (D:3)
  An orc wizard (D:3)
  2 adders (D:2)
  3 gnolls (D:3)
  A dart slug (D:1)
  2 orcs (D:3)
  6 ball pythons
  5 endoplasms
  4 giant cockroaches
  4 goblins
  4 hobgoblins
  A quokka (D:2)
  5 bats
  2 frilled lizards (D:2)
  4 kobolds
  7 rats
53 creatures vanquished.

Vanquished Creatures (others)
  27 plants (D:2)
27 creatures vanquished.

Grand Total: 80 creatures vanquished

Notes
Turn   | Place    | Note
-------+----------+-------------------------------------------
     0 | D:1      | Azzok the Demonspawn Berserker began the quest for the Orb.
     0 | D:1      | Reached XP level 1. HP: 18/18 MP: 1/1
   213 | D:1      | Reached skill level 3 in Axes
   477 | D:1      | Gained mutation: You regenerate magic rapidly. [demonic
                  | ancestry]
   477 | D:1      | Reached XP level 2. HP: 24/24 MP: 2/2
   637 | D:1      | Found a faded altar of an unknown god.
  1288 | D:2      | Gained mutation: You are partially covered in thin metallic
                  | scales. (AC +2) [demonic ancestry]
  1288 | D:2      | Reached XP level 3. HP: 26/29 MP: 3/3
  1375 | D:2      | Reached skill level 4 in Axes
  1845 | D:3      | Reached ** piety under Trog
  1846 | D:3      | Reached XP level 4. HP: 31/35 MP: 4/4
  2233 | D:3      | Reached skill level 5 in Axes
  2399 | D:3      | Gained mutation: When hurt, damage is shared between your
                  | health and your magic reserves. [demonic ancestry]
  2399 | D:3      | Reached XP level 5. HP: 41/41 MP: 5/5
  2402 | D:3      | Quit the game

Illustrated notes

Levels and vault maps discovered:
D:1:      evilmike_arrival_crescent, layout_basic,
          hellmonk_ecumenical_altar_pennies_from_heaven
D:2:      layout_loops_corners, serial_bayou_lagoon_a, kennysheep_minor_cross,
          guppyfry_early_lair_pool
D:3:      layout_loops_ring, minivault_14

Skill      XL: |  1  2  3  4 |
---------------+-------------+-----
Axes           | 3 4 5 |  5.6
Fighting       | |  3.0
Armour         | |  1.7
Dodging        | |  1.7

Action                   |  1- 3 |  4- 6 || total
-------------------------+-------+-------++-------
Melee: Hand axe          |    14 |    38 ||    52
       Dagger            |    86 |     8 ||    94
Invok: Berserk           |     1 |     1 ||     2
 Stab: Sleeping          |     2 |       ||     2
Armor: Animal skin       |     4 |       ||     4
       Leather armour    |    27 |     6 ||    33
       Ring mail         |       |    28 ||    28
Dodge: Dodged            |    58 |    30 ||    88

Table legend: (Time is in decaauts)
 A = Elapsed time spent in this place.
 B = Non-inter-level travel time spent in this place.
 C = Inter-level travel time spent in this place.
 D = Time resting spent in this place.
 E = Time spent auto-exploring this place.
 F = Levels seen in this place.
 G = Mean time per level.
                   A        B        C        D        E       F      G
               +--------+--------+--------+--------+--------+-----+--------+
         Total |   2414 |   2375 |     39 |    107 |   1812 |   3 |  804.7 |
       Dungeon |   2414 |   2375 |     39 |    107 |   1812 |   3 |  804.7 |
               +--------+--------+--------+--------+--------+-----+--------+

Top non-repeatable levels by time:
     D:2: 1010 daAuts
     D:1: 772 daAuts
     D:3: 630 daAuts
